 Dungeon Crawl Stone Soup version 0.29.1-15-g9cfb28693d (webtiles) character file.

Game seed: 9919153353057060851

1834822 raph the Executioner (level 27, 294/294 HPs)
             Began as a Hill Orc Berserker on Feb 21, 2023.
             Was a High Priest of Trog.
             Escaped with the Orb
             ... and 3 runes!
             The game lasted 01:40:41 (57150 turns).

raph the Executioner (Hill Orc Berserker)          Turns: 57150, Time: 01:40:42

Health: 294/294    AC: 29    Str: 26    XL:     27
Magic:  23/23      EV: 18    Int:  5    God:    Trog [*****.]
Gold:   3041       SH: 35    Dex: 22    Spells: 26/26 levels left

rFire   + + +      SeeInvis +   a - +7 broad axe of Unreason {drain, Dex+4}
rCold   + . .      Faith    .   G - +10 tower shield of Ignorance {rN+ Int-4}
rNeg    + . .      Spirit   .   Y - +3 plate armour of Valour {rElec Str+2 Dex-3 Slay+4}
rPois   +          Reflect  .   K - +2 hat {SInv}
rElec   +          Harm     .   Q - +2 cloak {Will+}
rCorr   .          Rampage  +   T - +0 pair of fencer's gloves {Riposte Dex+3}
Will    ++++.      Clarity  +   O - +2 pair of boots {rampage}
Stlth   ..........              p - amulet of Vitality {RegenMP++ Regen++}
HPRegen 2.19/turn               D - ring "Saon Hidish" {Wiz rF+++ Will+ Slay+3}
MPRegen 0.98/turn               U - ring "Oliph" {rPois rC+}

@: studying Shields
A: horns 1, clarity, deformed body, sense surroundings 1, robust 1, inability to
read after injury 1
0: Orb of Zot
}: 3/15 runes: serpentine, barnacled, silver
a: Renounce Religion, Berserk, Trog's Hand, Brothers in Arms


You escaped.
You worshipped Trog.
Trog was extremely pleased with you.
You visited 9 branches of the dungeon, and saw 47 of its levels.
You visited the Abyss 1 time.
You also visited: Gauntlet and Wizlab.

You collected 8465 gold pieces.
You spent 5424 gold pieces at shops.

Inventory:

Hand Weapons
 a - the +7 broad axe of Unreason (weapon) {drain, Dex+4}
   (You acquired it on level 5 of the Dungeon)

   A truly terrible weapon, it drains the life of any living foe it strikes.
   Dex:       It affects your dexterity (+4).
 b - a +5 broad axe of flaming
 m - the +7 sling "Dehosk" {vorpal, rF++ Int+7}
   (You found it on level 1 of the Shoals)

   Any ammunition fired from it inflicts extra damage upon your enemies.
   Int:       It affects your intelligence (+7).
   rF:        It greatly protects you from fire.
 w - the +7 whip of Wietyck {antimagic, rN+ SInv}
   (You found it on level 7 of the Dungeon)

   It reduces the magical energy of the wielder, and disrupts the spells and
   magical abilities of those it strikes.
   Natural abilities and divine invocations are not affected.
   rN:        It protects you from negative energy.
   SInv:      It lets you see invisible.
Missiles
 k - 6 silver boomerangs (quivered)
 t - 11 curare-tipped darts
 u - 14 silver javelins
 Z - 6 throwing nets
Armour
 G - the +10 tower shield of Ignorance (worn) {rN+ Int-4}
   (You found it on level 15 of the Dungeon)

   Int:       It affects your intelligence (-4).
   rN:        It protects you from negative energy.
 K - a +2 hat of see invisible (worn)
 O - a +2 pair of boots of rampaging (worn)
 Q - a +2 cloak of willpower (worn)
 T - the +0 pair of fencer's gloves (worn) {Riposte Dex+3}
   (You bought it in a shop on level 14 of the Dungeon)

   It allows the wearer to riposte with melee weapons, swiftly retaliating
   against missed or blocked melee attacks.
   Dex:       It affects your dexterity (+3).
 Y - the +3 plate armour of Valour (worn) {rElec Str+2 Dex-3 Slay+4}
   (You took it off a minotaur in a Gauntlet)

   Str:       It affects your strength (+2).
   Dex:       It affects your dexterity (-3).
   Slay:      It affects your accuracy & damage with ranged weapons and melee
   (+4).
   rElec:     It insulates you from electricity.
Jewellery
 h - the ring "Judypn" {rPois EV+4 Int+2 Stlth+}
   (You found it on level 1 of the Depths)

   [ring of evasion]

   EV:        It affects your evasion (+4).
   Int:       It affects your intelligence (+2).
   rPois:     It protects you from poison.
   Stlth:     It makes you more stealthy.
 p - the amulet of Vitality (around neck) {RegenMP++ Regen++}
   (You bought it in a shop on level 2 of the Snake Pit)

   [amulet of magic regeneration]

   It increases your rate of magic regeneration.
   Regen:     It increases your rate of health regeneration.
 q - a ring of resist corrosion
 v - the amulet of Henotheism {Reflect Int+3 SH+5}
   (You took it off a deep elf zephyrmancer on level 3 of the Elven Halls)

   [amulet of reflection]

   It reflects blocked missile attacks.
   Int:       It affects your intelligence (+3).
   SH:        It affects your SH (+5).
 D - the ring "Saon Hidish" (left hand) {Wiz rF+++ Will+ Slay+3}
   (You bought it in a shop on level 2 of the Snake Pit)

   [ring of wizardry]

   It improves your spell success rate.
   Slay:      It affects your accuracy & damage with ranged weapons and melee
   (+3).
   rF:        It renders you almost immune to fire.
   Will:      It increases your willpower.
 U - the ring "Oliph" (right hand) {rPois rC+}
   (You found it in a Gauntlet)

   [ring of poison resistance]

   rC:        It protects you from cold.
   rPois:     It protects you from poison.
Wands
 d - a wand of roots (37)
 g - a wand of polymorph (2)
 l - a wand of flame (69)
 z - a wand of paralysis (44)
 M - a wand of digging (17)
 R - a wand of mindburst (23)
Scrolls
 n - 4 scrolls of fear
 o - 8 scrolls of magic mapping
 x - 6 scrolls of poison
 y - 2 scrolls of brand weapon
 C - 15 scrolls of teleportation
 J - 11 scrolls of blinking
 L - 10 scrolls of butterflies
 S - 3 scrolls of summoning
 X - 4 scrolls of silence
Potions
 c - 6 potions of might
 e - 3 potions of mutation
 f - 10 potions of heal wounds
 i - 3 potions of invisibility
 j - 5 potions of berserk rage
 r - 25 potions of curing
 s - 4 potions of resistance
 A - 2 potions of haste
 E - 6 potions of cancellation
 H - 13 potions of flight
 N - 15 potions of ambrosia
 P - a potion of magic
Miscellaneous
 B - a phantom mirror
 F - a phial of floods
 V - a lightning rod (4/4)
 W - a box of beasts


   Skills:
 * Level 25.7 Fighting
 * Level 26.0 Axes
 - Level 11.8 Throwing
 + Level 21.5 Armour
 + Level 17.0 Dodging
 + Level 23.3 Shields
 + Level 13.9 Evocations


You had 26 spell levels left.
You didn't know any spells.
Your spell library was empty.

Dungeon Overview and Level Annotations

Branches:
Dungeon (15/15)            Temple (0/1) D:5            Lair (5/5) D:11
 Shoals (4/4) Lair:2        Snake (4/4) Lair:2        Slime (0/5) Lair:4
    Orc (2/2) D:9             Elf (3/3) Orc:2        Vaults (5/5) D:13
  Crypt (0/3) Vaults:2     Depths (4/4) D:15            Zot (5/5) Depths:4
 WizLab (visited)         Gauntlet (visited)

Altars:
Ashenzari
Cheibriados
Dithmenos
Elyvilon
Gozag
Kikubaaqudgha
Nemelex Xobeh
Ru
Uskayaw
Vehumet
Xom
Yredelemnul
Zin
The Shining One
Jiyva

Shops:
D:8 *   D:14 :*   Orc:2 [*?:   Elf:1 **!   Elf:2 !   Shoals:3 *   Shoals:4 ?
Snake:2 =   Vaults:1 !   Vaults:2 (   Vaults:3 *   Depths:1 =

Portals:
Hell: Depths:1 Depths:2 Depths:3 Depths:4
Abyss: Depths:3
Pandemonium: Depths:2 Depths:3 Depths:4
Ziggurat: Depths:1

Annotations:
D:10 1 runed translucent door, gargbit's ghost, journeyman OpFi
D:15 1 runed translucent door
Lair:4 exclusion: oklob plant
Shoals:2 3 runed translucent doors, Discosetron's ghost, adept BaAM
Orc:2 1 runed translucent door, ponobo's ghost, journeyman MiBe
Elf:3 3 runed translucent doors, emiel's ghost, adept NaEE
Zot:4 2 transporters


Innate Abilities, Weirdness & Mutations

You have a pair of small horns on your head.
You possess an exceptional clarity of mind.
Armour fits poorly on your strangely shaped body.
You passively map a small area around you.
You are robust. (+10% HP)
You occasionally lose the ability to read scrolls when taking damage.


Message History

There is a stone staircase leading up here.
You climb upwards.
There is a stone staircase leading down here.
Aiming: Dig
Press: ? - help, Shift-Dir - straight line A rock wall.
This square is covered in magical glow.
The rock shatters into small pieces.
There is an open door here.
There is an escape hatch in the ceiling here.
A mysterious force pulls you upwards. The hatch slams shut behind you.
There's nothing to close nearby.
You can't go up here!
There is an escape hatch in the ceiling here.
A mysterious force pulls you upwards. The hatch slams shut behind you.
A glowing orange brain comes into view.
The glowing orange brain turns its attention towards you.
You can't go up here!
The glowing orange brain blinks!
You rampage towards the glowing orange brain!
The glowing orange brain pulsates.
You rampage towards the glowing orange brain!
You slice the glowing orange brain!! You drain the glowing orange brain.
You headbutt the glowing orange brain.
The glowing orange brain is heavily wounded.
You cut the glowing orange brain into ribbons!!!
You kill the glowing orange brain!
Trog accepts your kill.
The bat dissolves into shadows!
A chaos spawn comes into view.
There is a stone staircase leading up here.
You climb upwards.
There is a stone staircase leading down here.
There is a stone staircase leading up here.
You climb upwards.
There is a stone staircase leading down here.
You see here a +0 whip.
There is an open door here.
There is a staircase leading out of the dungeon here.
You have escaped!

.#
#............###########
.#
#......................#
.#
#...)..................#
.#
#......................#
.#
#..†....#########..#####
.###...######.#.#.#.#.#
##......# ##.#.#.#..#
##......# #.#.#.#.#.#
........# ##.#@#.#..#
##......#####.#.#.#.###
#...........#.#.#.#.#
#...........'#.#.#.##
#...........#.#.#.#.#
#...........#########
#...........#
#######.)....#
.............#


There were no monsters in sight!

Vanquished Creatures
  8 dread liches (Zot:1)
  3 ancient liches
  2 orbs of fire
  2 juggernauts
  A Killer Klown (Zot:5)
  Frederick (Vaults:4)
  Saint Roka (Depths:2)
  Parghit (Depths:4)
  2 curse toes
  5 caustic shrikes (Depths:4)
  Bai Suzhen (Vaults:2)
  Xtahua (Vaults:2)
  7 golden dragons
  The ghost of t4s4d4r the Eclecticist, an adept DEEE of Sif Muna (Depths:2)
  2 electric golems
  Rupert (Lair:5)
  2 liches (Depths:1)
  An Ice Fiend (D:7)
  Jorgrun (Snake:2)
  24 Orb Guardians
  17 tentacled monstrosities
  A walking earthen tome (Depths:3)
  Asterion (Vaults:2)
  2 deep elf blademasters
  9 quicksilver dragons
  4 titans (Vaults:5)
  A walking frostbound tome (WizLab)
  2 walking divine tomes
  4 deep elf master archers (Elf:3)
  5 sphinxes
  Polyphemus (Shoals:3)
  6 death cobs
  An ancient champion (Vaults:2)
  3 tentacled starspawn (Abyss:2)
  8 tengu reavers
  A daeva (Depths:3)
  Donald (Vaults:4)
  13 storm dragons
  4 draconian monks
  9 shadow dragons
  6 nagarajas
  Roxanne (Elf:3)
  2 strange machines (WizLab)
  2 draconian knights (Zot:4)
  Ilsuiw (Shoals:3)
  3 fire giants
  An iron dragon (Depths:1)
  7 deep elf sorcerers
  5 draconian shifters
  A balrug (Abyss:2)
  6 deep elf elementalists
  2 orc warlords
  4 ghost moths
  A draconian scorcher (Zot:4)
  9 frost giants
  11 vault wardens
  3 spectral caustic shrikes (Depths:4)
  A curse skull (Depths:1)
  4 draconian stormcallers
  21 ironbound preservers
  3 war gargoyles (Vaults:5)
  28 very ugly things
  10 ironbound thunderhulks
  4 vampire knights
  2 spriggan defenders (Depths:4)
  7 green draconians
  13 stone giants
  7 deep elf demonologists
  4 draconian annihilators
  5 black draconians
  7 deep elf annihilators
  5 white draconians
  An entropy weaver (Vaults:4)
  Azrael (Snake:3)
  A minotaur (Gauntlet)
  3 purple draconians
  A dire elephant (Vaults:1)
  2 spark wasps
  4 red draconians
  4 yellow draconians
  13 deep elf death magi
  2 crystal guardians (Vaults:1)
  20 ettins
  4 merfolk javelineers
  A green death (Abyss:2)
  12 fire dragons
  10 merfolk impalers
  17 yaktaur captains
  5 deep elf high priests
  A salamander tyrant (Snake:3)
  7 great orbs of eyes
  4 ice dragons
  13 rakshasas
  7 boulder beetles
  13 anacondas
  29 vault guards
  A peacekeeper (Vaults:1)
  7 ogre magi
  10 hydras
  17 two-headed ogres
  A two-headed ogre (shapeshifter) (D:15)
  11 ironbound frosthearts
  14 centaur warriors
  3 spriggan air magi
  2 catoblepae
  A death knight (D:15)
  3 merfolk avatars
  3 alligator snapping turtles
  41 dancing weapons
  6 deep troll shamans
  3 merfolk aquamancers
  8 naga warriors
  4 satyrs
  5 tengu warriors
  A thrashing horror (Abyss:2)
  4 deep troll earth magi
  11 death yaks
  A spriggan berserker (Depths:1)
  13 hell hogs
  13 naga sharpshooters
  3 soul eaters (Depths:1)
  4 sun demons
  2 hell knights (Depths:2)
  A shock serpent (shapeshifter) (Depths:3)
  20 deep elf knights
  3 spriggans (Depths:1)
  9 shock serpents
  A skeletal warrior (Vaults:2)
  7 iron trolls
  2 shadow wraiths
  A sixfirhy (D:14)
  2 wretched stars (Abyss:2)
  18 sea snakes
  37 deep trolls
  A spatial maelstrom (Abyss:2)
  A swamp dragon (shapeshifter) (Depths:2)
  5 salamander mystics
  5 naga ritualists
  4 glowing orange brains
  A shadow demon (Depths:2)
  4 orange crystal statues (D:15)
  33 harpies
  2 phantasmal warriors
  8 wizards
  24 ironbound convokers
  5 lindwurms
  7 orc knights
  14 deep elf archers
  32 deep elf zephyrmancers
  19 fauns
  46 deep elf pyromancers
  Pikel (D:6)
  A necromancer (Depths:1)
  11 mana vipers
  42 ugly things
  An oklob plant (D:11)
  5 orc sorcerers
  11 cyclopes
  26 manticores
  13 salamanders
  2 worldbinders
  8 elephants
  2 rust devils
  27 moths of wrath
  42 black mambas
  9 merfolk sirens
  19 vault sentinels
  A water nymph (shapeshifter) (Depths:4)
  3 water nymphs
  9 guardian serpents
  17 naga magi
  2 torpor snails
  3 gargoyles
  6 cane toads
  Maggie (D:6)
  2 efreet
  An orange demon (Abyss:2)
  6 komodo dragons
  3 kobold demonologists
  4 unseen horrors
  A tormentor (Abyss:2)
  4 rime drakes
  21 yaktaurs
  2 ancient zymes (Abyss:2)
  6 freezing wraiths
  A merfolk (shapeshifter) (Vaults:5)
  A queen bee (Lair:1)
  7 trolls
  4 hornets
  32 merfolk
  A tengu conjurer (D:14)
  A polar bear (Lair:4)
  A troll (shapeshifter) (Vaults:5)
  A tarantella (shapeshifter) (Depths:2)
  4 wind drakes
  13 blink frogs
  7 snapping turtles
  A hydra skeleton (Abyss:2)
  9 dream sheep
  52 slime creatures
  A spriggan (shapeshifter) (Abyss:2)
  2 shadows
  A ynoxinul (Abyss:2)
  3 air elementals
  9 starcursed masses (Abyss:2)
  6 wraiths
  A yak (shapeshifter) (Abyss:2)
  3 wyverns
  53 yaks
  22 water elementals
  4 basilisks
  7 fire elementals
  5 small abominations (Abyss:2)
  4 steam dragons
  A redback (Vaults:4)
  2 neqoxecs
  Edmund (D:6)
  A swamp worm (shapeshifter) (Vaults:5)
  5 wargs
  7 vampire mosquitoes
  29 nagas
  A spatial vortex (Abyss:2)
  2 acid dragons
  4 water moccasins
  3 hell hounds (Snake:3)
  2 floating eyes
  2 large abominations (Abyss:2)
  23 orc warriors
  A swamp drake (Orc:2)
  6 sky beasts
  3 black bears
  11 wolves
  29 ogres
  5 boggarts
  9 centaurs
  2 lemures (D:6)
  3 kobold brigands
  6 necrophages
  7 bullfrogs
  3 scorpions
  6 wights
  33 killer bees
  A vampire bat (D:7)
  4 electric eels (Snake:1)
  5 howler monkeys
  2 crimson imps
  2 quasits (Abyss:2)
  2 centaur zombies (D:8)
  A human zombie (D:8)
  3 gnoll boudas
  13 orc priests
  10 hounds
  3 jellies
  2 iron imps
  4 iguanas
  24 orc wizards
  7 hell rats (Lair:5)
  A killer bee zombie (D:8)
  3 mummies (D:8)
  A howler monkey zombie (D:8)
  7 gnolls
  10 adders
  4 shadow imps
  5 white imps
  2 ufetubi
  A worm (D:2)
  3 dart slugs
  78 orcs
  15 bats
  4 endoplasms
  13 hobgoblins
  3 quokkas
  5 ball pythons
  3 frilled lizards (D:1)
  11 goblins
  13 kobolds
  7 rats
  A ball lightning (Zot:1)
  2 starspawn tentacles (Abyss:2)
2075 creatures vanquished.

Vanquished Creatures (collateral kills)
  Sojobo (Vaults:2)
  A tentacled monstrosity (Vaults:5)
  An Orb Guardian (Zot:5)
  Mlioglotl (Shoals:3)
  A sphinx (Vaults:5)
  A demonspawn warmonger (D:7)
  A frost giant (Vaults:5)
  A fire giant (Vaults:5)
  An ironbound preserver (Vaults:5)
  A vampire knight (Zot:1)
  A deep elf annihilator (Depths:1)
  A merfolk javelineer (Shoals:3)
  4 vault guards
  A hydra (Lair:5)
  A spriggan air mage (Depths:1)
  A catoblepas (Lair:5)
  A satyr (Shoals:3)
  A hell knight (Vaults:5)
  A soul eater (Vaults:2)
  A deep troll (Vaults:5)
  A phantasmal warrior (Vaults:2)
  7 fauns
  2 merfolk sirens
  A kobold demonologist (Depths:1)
  A merfolk (shapeshifter) (Vaults:5)
  A wind drake (Shoals:3)
  A merfolk (Shoals:3)
  2 dream sheep (Shoals:1)
  2 wolves (Lair:5)
  An orc (Vaults:5)
42 creatures vanquished.

Vanquished Creatures (others)
  A vault warden (Vaults:2)
  A vault guard (Vaults:5)
  A merfolk avatar (Shoals:4)
  A sea snake (Shoals:4)
  3 deep elf zephyrmancers
  A deep elf pyromancer (Elf:2)
  A faun (Shoals:2)
  A water nymph (Shoals:4)
  A yaktaur (Vaults:2)
  A human (Depths:1)
  A small abomination (Zot:1)
  An orc warrior (Vaults:5)
  3 orcs
  7 ball lightnings (Zot:1)
  5 demonic plants (D:2)
  19 fungi
  A lurking horror (Abyss:2)
  109 plants
  2 withered plants (Depths:2)
160 creatures vanquished.

Grand Total: 2277 creatures vanquished

Notes
Turn   | Place    | Note
-------+----------+-------------------------------------------
     0 | D:1      | raph the Hill Orc Berserker began the quest for the Orb.
     0 | D:1      | Reached XP level 1. HP: 19/19 MP: 1/1
    57 | D:1      | Reached XP level 2. HP: 26/26 MP: 2/2
   124 | D:1      | Reached skill level 5 in Axes
   683 | D:1      | Reached XP level 3. HP: 29/31 MP: 3/3
  1062 | D:2      | Reached ** piety under Trog
  1259 | D:2      | Reached skill level 6 in Axes
  1410 | D:2      | Found a faded altar of an unknown god.
  1496 | D:2      | Reached XP level 4. HP: 39/39 MP: 4/4
  2488 | D:3      | Reached skill level 7 in Axes
  3120 | D:4      | Noticed a necrophage
  3125 | D:4      | Killed a necrophage
  3126 | D:4      | Reached XP level 5. HP: 46/46 MP: 5/5
  3263 | D:4      | Reached XP level 6. HP: 31/52 MP: 6/6
  3567 | D:4      | Found a shimmering altar of Xom.
  3596 | D:4      | Found a hide-covered altar of Uskayaw.
  3613 | D:4      | Reached skill level 8 in Axes
  3773 | D:4      | Reached XP level 7. HP: 60/60 MP: 7/7
  3994 | D:4      | Found a glowing silver altar of Zin.
  4112 | D:4      | Found a sparkling altar of Nemelex Xobeh.
  4305 | D:5      | Entered Level 5 of the Dungeon
  4426 | D:5      | Found a staircase to the Ecumenical Temple.
  4432 | D:5      | Identified a scroll of acquirement
  4432 | D:5      | Acquired the +7 broad axe of Unreason {drain, Dex+4}
  4464 | D:5      | Reached skill level 5 in Fighting
  4464 | D:5      | Reached skill level 9 in Axes
  4737 | D:5      | Reached *** piety under Trog
  5085 | D:5      | Reached XP level 8. HP: 68/68 MP: 8/8
  5381 | D:6      | Found a snail-covered altar of Cheibriados.
  5429 | D:6      | Noticed Edmund
  5440 | D:6      | Killed Edmund
  5441 | D:6      | Reached skill level 10 in Axes
  5579 | D:6      | Noticed Maggie
  5590 | D:6      | Killed Maggie
  5591 | D:6      | Reached skill level 5 in Armour
  5798 | D:6      | Reached skill level 11 in Axes
  5952 | D:6      | Noticed Pikel
  5961 | D:6      | Killed Pikel
  5962 | D:6      | Reached XP level 9. HP: 78/78 MP: 9/9
  6324 | D:7      | Noticed a troll
  6333 | D:7      | Killed a troll
  6338 | D:7      | Reached skill level 12 in Axes
  6475 | D:7      | Identified the +7 whip of Wietyck {antimagic, rN+ SInv}
  6803 | D:7      | Noticed a two-headed ogre
  6809 | D:7      | Killed a two-headed ogre
  6810 | D:7      | Reached skill level 13 in Axes
  6810 | D:7      | Reached skill level 5 in Dodging
  6810 | D:7      | Reached XP level 10. HP: 87/88 MP: 10/10
  7168 | D:7      | Found an opulent altar of Gozag.
  7335 | D:7      | Found a glowing golden altar of the Shining One.
  7435 | D:7      | Noticed a gargoyle
  7435 | D:7      | Noticed a cyclops
  7435 | D:7      | Noticed a manticore
  7436 | D:7      | Noticed a deep elf pyromancer
  7436 | D:7      | Noticed a gargoyle
  7437 | D:7      | Noticed a boulder beetle
  7442 | D:7      | Killed a gargoyle
  7446 | D:7      | Killed a manticore
  7453 | D:7      | Killed a cyclops
  7733 | D:7      | Killed a deep elf pyromancer
  7734 | D:7      | Reached skill level 14 in Axes
  7986 | D:7      | Killed a gargoyle
  8090 | D:7      | Identified the +0 pair of boots "Runlo" {+Blink rPois rF+
                  | Str-5}
  8148 | D:7      | Killed a boulder beetle
  8149 | D:7      | Reached XP level 11. HP: 54/97 MP: 11/11
  8434 | D:8      | Found Utapsaa's Fire Supplies.
  8585 | D:8      | Noticed a two-headed ogre
  8591 | D:8      | Killed a two-headed ogre
  8592 | D:8      | Reached skill level 15 in Axes
  8766 | D:8      | Reached **** piety under Trog
  8997 | D:8      | Identified the +1 ring mail "Riganiet" {*Slow +Blink rC+}
  9158 | D:8      | Found a basalt altar of Yredelemnul.
  9339 | D:9      | Found a staircase to the Orcish Mines.
  9438 | D:9      | Reached ***** piety under Trog
  9466 | D:9      | Reached skill level 10 in Fighting
  9618 | D:9      | Found a broken altar of Ashenzari.
  9821 | D:10     | Entered Level 10 of the Dungeon
  9933 | D:10     | Reached skill level 16 in Axes
 10041 | D:10     | Found a runed translucent door.
 10042 | D:10     | Noticed gargbit's ghost (journeyman OpFi)
 10132 | D:10     | Noticed a six-headed hydra
 10145 | D:10     | Killed a six-headed hydra
 10419 | D:10     | Noticed a two-headed ogre
 10425 | D:10     | Killed a two-headed ogre
 10426 | D:10     | Reached XP level 12. HP: 101/108 MP: 12/12
 10622 | D:10     | Noticed a centaur warrior
 10629 | D:10     | Killed a centaur warrior
 10690 | D:10     | Noticed a rakshasa
 10720 | D:10     | Killed a rakshasa
 10721 | D:10     | Reached skill level 17 in Axes
 10877 | D:10     | Found a sacrificial altar of Ru.
 11155 | D:11     | Reached skill level 10 in Armour
 11252 | D:11     | Noticed a boulder beetle
 11272 | D:11     | Killed a boulder beetle
 11463 | D:11     | Found a staircase to the Lair.
 11637 | D:11     | Received a gift from Trog
 11909 | D:11     | Noticed a seven-headed hydra
 11922 | D:11     | Killed a seven-headed hydra
 12031 | Lair:1   | Entered Level 1 of the Lair of Beasts
 12112 | Lair:1   | Noticed a seven-headed hydra
 12124 | Lair:1   | Killed a seven-headed hydra
 12125 | Lair:1   | Reached skill level 18 in Axes
 12141 | Lair:1   | Noticed a boulder beetle
 12152 | Lair:1   | Killed a boulder beetle
 12153 | Lair:1   | Reached XP level 13. HP: 115/118 MP: 6/13
 12384 | Lair:1   | Reached XP level 14. HP: 127/127 MP: 14/14
 12720 | Lair:1   | Received a gift from Trog
 13215 | Lair:2   | Found a staircase to the Snake Pit.
 13241 | Lair:2   | Found a staircase to the Shoals.
 14651 | Lair:4   | Found a gate leading to a gauntlet.
 14660 | Gauntlet | Entered a Gauntlet
 14660 | Gauntlet | Found a transporter.
 14660 | Gauntlet | Found a transporter.
 14662 | Gauntlet | Found a transporter.
 14662 | Gauntlet | Found a transporter.
 14678 | Gauntlet | Found a transporter.
 14687 | Gauntlet | Found a transporter.
 14690 | Gauntlet | Found a transporter.
 14698 | Gauntlet | Found a transporter.
 14715 | Gauntlet | Found a transporter.
 14729 | Gauntlet | Found a transporter.
 14733 | Gauntlet | Found a transporter.
 14735 | Gauntlet | Found a runed translucent gate.
 14735 | Gauntlet | Found a runed translucent gate.
 14735 | Gauntlet | Found a runed translucent gate.
 14741 | Gauntlet | Found a transporter.
 14791 | Gauntlet | Identified the ring "Oliph" {rPois rC+}
 14929 | Gauntlet | Identified the ring "Naarush" {Ice Will+}
 15066 | Gauntlet | Identified the +3 plate armour of Valour {rElec Str+2 Dex-3
                  | Slay+4}
 15655 | Lair:4   | Found a viscous altar of Jiyva.
 15893 | Lair:5   | Entered Level 5 of the Lair of Beasts
 16112 | Lair:5   | Received a gift from Trog
 16310 | Lair:5   | Reached XP level 15. HP: 122/137 MP: 5/15
 16586 | Lair:5   | Noticed Rupert
 16592 | Lair:5   | Paralysed by Rupert for 2 turns
 16601 | Lair:5   | Killed Rupert
 16602 | Lair:5   | Reached skill level 10 in Dodging
 16953 | Lair:5   | Reached skill level 10 in Shields
 17504 | Orc:1    | Entered Level 1 of the Orcish Mines
 17587 | Orc:2    | Entered Level 2 of the Orcish Mines
 17587 | Orc:2    | Noticed ponobo's ghost (journeyman MiBe)
 17587 | Orc:2    | Noticed an orc warlord
 17587 | Orc:2    | Found a staircase to the Elven Halls.
 17587 | Orc:2    | Found a runed translucent door.
 17587 | Orc:2    | Found a shimmering altar of Xom.
 17606 | Orc:1    | Killed an orc warlord
 17734 | Orc:2    | Paralysed by an ogre mage for 4 turns
 17939 | Orc:2    | Reached skill level 15 in Fighting
 17939 | Orc:2    | Received a gift from Trog
 18013 | Orc:2    | Found Itast's Book Shop.
 18013 | Orc:2    | Found Alutz's Magic Scroll Emporium.
 18014 | Orc:2    | Found Qeonypp's General Store.
 18014 | Orc:2    | Found Waxov's Antique Armour Boutique.
 19578 | D:12     | Reached XP level 16. HP: 149/149 MP: 16/16
 20491 | D:13     | Received a gift from Trog
 20633 | D:13     | Found a gate to the Vaults.
 21100 | D:14     | Identified the +8 flail of Ymuophok {speed, rPois rC++}
 21165 | D:14     | Found a white marble altar of Elyvilon.
 21260 | D:14     | Found Biolleno's Tremendous Tomes.
 21379 | D:14     | Found a transporter.
 21382 | D:14     | Found a transporter.
 21384 | D:14     | Found a transporter.
 21409 | D:14     | Found a transporter.
 21412 | D:14     | You fall into a shaft and drop 1 floor!
 21412 | D:15     | Entered Level 15 of the Dungeon
 21682 | D:14     | Found Xuskogri's General Store.
 21699 | D:14     | Bought the +0 pair of fencer's gloves {Riposte Dex+3} for
                  | 480 gold pieces
 21699 | D:14     | Found the +0 pair of fencer's gloves {Riposte Dex+3}
 21709 | D:14     | Bought a box of beasts for 480 gold pieces
 21709 | D:14     | Bought a scroll of butterflies for 48 gold pieces
 21965 | D:15     | Found a runed translucent door.
 21968 | D:15     | Found the +10 tower shield of Ignorance {rN+ Int-4}
 21987 | D:15     | Found a runed translucent door.
 22416 | D:15     | Found a staircase to the Depths.
 23005 | Shoals:1 | Entered Level 1 of the Shoals
 23123 | Shoals:1 | Received a gift from Trog
 23269 | Shoals:1 | Reached XP level 17. HP: 88/159 MP: 17/17
 23335 | Shoals:1 | Identified the +7 sling "Dehosk" {vorpal, rF++ Int+7}
 23421 | Shoals:1 | Reached skill level 15 in Armour
 23793 | Shoals:2 | Received a gift from Trog
 23996 | Shoals:2 | Found a runed translucent gate.
 24009 | Shoals:2 | Found a runed translucent gate.
 24208 | Shoals:2 | Found a runed translucent gate.
 24209 | Shoals:2 | Noticed Discosetron's ghost (adept BaAM)
 24579 | Shoals:3 | Noticed Polyphemus
 24607 | Shoals:3 | Killed Polyphemus
 24857 | Shoals:3 | Noticed Mlioglotl
 24860 | Shoals:3 | Reached skill level 15 in Shields
 24878 | Shoals:3 | Noticed Ilsuiw
 24881 | Shoals:3 | Killed Mlioglotl
 24884 | Shoals:3 | Found Usuef's General Store.
 24896 | Shoals:3 | Killed Ilsuiw
 25573 | Shoals:4 | Entered Level 4 of the Shoals
 25727 | Shoals:4 | Found Ohoqey's Magic Scroll Shop.
 25734 | Shoals:4 | Reached XP level 18. HP: 127/170 MP: 18/18
 25741 | Shoals:4 | Received a gift from Trog
 25765 | Shoals:4 | Bought a scroll of teleportation for 63 gold pieces
 25765 | Shoals:4 | Bought a scroll of teleportation for 63 gold pieces
 25765 | Shoals:4 | Bought a scroll of fear for 84 gold pieces
 26169 | Shoals:4 | HP: 5/171 [merfolk javelineer/silver javelin (4)]
 26521 | Shoals:4 | Got a barnacled rune of Zot
 26642 | Shoals:4 | Identified the +11 hand axe of Enanlin {spect, *Noise rPois
                  | rF++ Dex+2}
 27179 | Shoals:4 | Reached skill level 1 in Evocations
 27394 | Snake:1  | Entered Level 1 of the Snake Pit
 27408 | Snake:1  | Reached skill level 1 in Throwing
 27601 | Snake:1  | Received a gift from Trog
 28361 | Snake:2  | Reached ****** piety under Trog
 28595 | Snake:2  | Found Quirph's Jewellery Boutique.
 28598 | Snake:2  | Bought the ring "Saon Hidish" {Wiz rF+++ Will+ Slay+3} for
                  | 1353 gold pieces
 28885 | Snake:3  | Noticed Jorgrun
 28902 | Snake:2  | Killed Jorgrun
 28904 | Snake:2  | Received a gift from Trog
 28908 | Snake:2  | Reached XP level 19. HP: 119/179 MP: 19/19
 29005 | Snake:3  | Noticed Azrael
 29019 | Snake:3  | Killed Azrael
 29540 | Snake:3  | Found a sparkling altar of Nemelex Xobeh.
 29721 | Snake:4  | Entered Level 4 of the Snake Pit
 29824 | Snake:4  | Received a gift from Trog
 30457 | Snake:4  | Received a gift from Trog
 30561 | Snake:4  | Reached skill level 5 in Evocations
 30933 | Snake:4  | Got a serpentine rune of Zot
 31422 | Vaults:1 | Entered Level 1 of the Vaults
 31714 | Vaults:1 | Reached skill level 5 in Throwing
 32127 | Vaults:1 | Reached XP level 20. HP: 177/189 MP: 20/20
 32190 | Vaults:1 | Found Jaggus's Distillery.
 32198 | Vaults:1 | Bought a potion of heal wounds for 60 gold pieces
 32198 | Vaults:1 | Bought 2 potions of heal wounds for 120 gold pieces
 32198 | Vaults:1 | Bought a potion of resistance for 120 gold pieces
 33493 | Vaults:2 | Noticed Xtahua
 33502 | Vaults:2 | Killed Xtahua
 33681 | Vaults:2 | Received a gift from Trog
 33810 | Vaults:2 | Found Kiad's Weapon Shop.
 33830 | Vaults:2 | Noticed Sojobo
 33845 | Vaults:2 | Killed Sojobo
 34005 | Vaults:2 | Found a staircase to the Crypt.
 34024 | Vaults:2 | Noticed Asterion
 34036 | Vaults:2 | Killed Asterion
 34165 | Vaults:2 | Noticed Bai Suzhen
 34177 | Vaults:2 | Killed Bai Suzhen
 34227 | Vaults:2 | Identified the +1 great sword of Defiance {vorpal, Str+4}
 34393 | Vaults:2 | Received a gift from Trog
 34753 | Vaults:3 | Found Yczech's General Store.
 34823 | Vaults:3 | Reached XP level 21. HP: 199/199 MP: 21/21
 36456 | Vaults:3 | Identified the +0 scale mail "Dolois Suj" {rC- MP+9 Int-3
                  | Dex+9}
 37200 | Vaults:4 | Noticed Frederick
 37207 | Vaults:4 | Identified the +7 hand axe "Havuse" {flame, *Noise rPois
                  | rC+ rCorr} (Trog gifted it to you on level 4 of the Vaults)
 37207 | Vaults:4 | Received a gift from Trog
 37211 | Vaults:4 | Killed Frederick
 37546 | Vaults:4 | Paralysed by a great orb of eyes for 4 turns
 37864 | Vaults:4 | Reached skill level 19 in Axes
 37918 | Abyss:2  | Cast into level 2 of the Abyss (a wizard)
 38488 | Abyss:2  | Gained mutation: Armour fits poorly on your strangely
                  | shaped body. [a neqoxec]
 38491 | Abyss:2  | Gained mutation: You expend magic power (3 MP) to
                  | strengthen your wands. [a neqoxec]
 38714 | Abyss:2  | Lost intelligence.
 38728 | Vaults:4 | Escaped the Abyss
 38796 | Vaults:4 | Noticed Donald
 38801 | Vaults:4 | Killed Donald
 38812 | Vaults:4 | Received a gift from Trog
 38940 | Vaults:4 | Lost mutation: Armour fits poorly on your strangely shaped
                  | body. [potion of mutation]
 38940 | Vaults:4 | Lost mutation: You expend magic power (3 MP) to strengthen
                  | your wands. [potion of mutation]
 38940 | Vaults:4 | Gained mutation: You occasionally lose the ability to read
                  | scrolls when taking damage. [potion of mutation]
 38940 | Vaults:4 | Gained mutation: Your system is resistant to poisons.
                  | (rPois) [potion of mutation]
 38940 | Vaults:4 | Gained mutation: You are occasionally teleported next to
                  | monsters. [potion of mutation]
 38940 | Vaults:4 | Gained mutation: You are robust. (+10% HP) [potion of
                  | mutation]
 38941 | Vaults:4 | Lost mutation: You are robust. (+10% HP) [potion of
                  | mutation]
 38941 | Vaults:4 | Lost mutation: You occasionally lose the ability to read
                  | scrolls when taking damage. [potion of mutation]
 38941 | Vaults:4 | Lost mutation: Your system is resistant to poisons. (rPois)
                  | [potion of mutation]
 38941 | Vaults:4 | Gained mutation: Your system is resistant to poisons.
                  | (rPois) [potion of mutation]
 38941 | Vaults:4 | Gained mutation: You passively map a small area around you.
                  | [potion of mutation]
 38944 | Vaults:4 | Lost mutation: You passively map a small area around you.
                  | [potion of mutation]
 38944 | Vaults:4 | Lost mutation: Your system is resistant to poisons. (rPois)
                  | [potion of mutation]
 38944 | Vaults:4 | Lost mutation: You are occasionally teleported next to
                  | monsters. [potion of mutation]
 38944 | Vaults:4 | Gained mutation: You have a pair of small horns on your
                  | head. [potion of mutation]
 38944 | Vaults:4 | Gained mutation: You are robust. (+10% HP) [potion of
                  | mutation]
 38944 | Vaults:4 | Gained mutation: Armour fits poorly on your strangely
                  | shaped body. [potion of mutation]
 38944 | Vaults:4 | Gained mutation: You have hidden genetic potential. [potion
                  | of mutation]
 39166 | Vaults:1 | Bought a potion of mutation for 96 gold pieces
 39286 | D:14     | Bought a +1 hat of see invisible for 192 gold pieces
 39722 | Vaults:4 | Acquired 801 gold pieces
 40138 | Vaults:4 | Reached XP level 22. HP: 229/229 MP: 22/22
 40453 | Elf:1    | Entered Level 1 of the Elven Halls
 40469 | Elf:1    | Found a radiant altar of Vehumet.
 40506 | Elf:1    | Received a gift from Trog
 40571 | Elf:1    | Found Ziheg's Assorted Antiques.
 40593 | Elf:1    | Bought a potion of heal wounds for 185 gold pieces
 40613 | Elf:1    | Found an ancient bone altar of Kikubaaqudgha.
 40627 | Elf:1    | Found Teogo's Distillery.
 40637 | Elf:1    | Bought a potion of heal wounds for 75 gold pieces
 40637 | Elf:1    | Bought a potion of heal wounds for 75 gold pieces
 40637 | Elf:1    | Bought a potion of heal wounds for 75 gold pieces
 40637 | Elf:1    | Bought a potion of heal wounds for 75 gold pieces
 40999 | Elf:1    | Found Wiones's General Store.
 41298 | Elf:2    | Received a gift from Trog
 41415 | Elf:2    | Found a runed translucent gate.
 41416 | Elf:2    | Found a runed translucent gate.
 41417 | Elf:2    | Found a runed translucent gate.
 41512 | Elf:2    | Found Urahierch's Distillery.
 41709 | Elf:2    | Identified the +8 hand axe "Kuogot" {vorpal, Dex+4} (Trog
                  | gifted it to you on level 2 of the Elven Halls)
 41709 | Elf:2    | Received a gift from Trog
 42013 | Elf:3    | Entered Level 3 of the Elven Halls
 42128 | Elf:3    | Noticed Roxanne
 42154 | Elf:3    | Killed Roxanne
 42167 | Elf:3    | Gained mutation: You passively map a small area around you.
                  | [hidden potential]
 42441 | Elf:3    | Received a gift from Trog
 42453 | Elf:3    | HP: 8/230 [earth elemental[a deep elf elementalist] (18)]
 42472 | Elf:3    | Found a runed translucent gate.
 42472 | Elf:3    | Found a runed translucent gate.
 42472 | Elf:3    | Found a runed translucent gate.
 42661 | Elf:3    | Reached skill level 20 in Axes
 42794 | Elf:2    | Reached XP level 23. HP: 122/238 MP: 23/23
 43683 | Elf:3    | Identified the +0 halberd of Egomania {vamp, Int+2}
 43702 | Elf:3    | Reached skill level 15 in Dodging
 43775 | Elf:3    | Identified the ring "Enizel" {rC+ rN+ Str+2 Int-3 Dex+6}
 43808 | Elf:3    | Noticed emiel's ghost (adept NaEE)
 43924 | Elf:3    | Identified the amulet of Henotheism {Reflect Int+3 SH+5}
 43969 | Elf:3    | Identified the amulet of the Durable God {RegenMP Will+
                  | rCorr Str+2 Dex-4}
 44275 | Elf:3    | Found a viscous altar of Jiyva.
 44482 | Snake:2  | Bought the amulet of Vitality {RegenMP++ Regen++} for 1500
                  | gold pieces
 44482 | Snake:2  | Found the amulet of Vitality {RegenMP++ Regen++}
 44720 | Depths:1 | Entered Level 1 of the Depths
 44784 | Depths:1 | Found a runed door.
 44856 | Depths:1 | Found Afev's Jewellery Shop.
 44930 | Depths:1 | Identified the +5 war axe "Senuafuox" {vorpal, rCorr} (Trog
                  | gifted it to you on level 1 of the Depths)
 44930 | Depths:1 | Received a gift from Trog
 45151 | Depths:1 | Reached skill level 10 in Evocations
 45238 | Depths:1 | Found a one-way gateway to a ziggurat.
 45725 | Depths:1 | Found a gateway to Hell.
 45969 | Depths:1 | Identified the +10 hand axe of Gobb {flame, +Blink Fly
                  | rElec} (Trog gifted it to you on level 1 of the Depths)
 45969 | Depths:1 | Received a gift from Trog
 45978 | Depths:1 | Gained mutation: You possess an exceptional clarity of
                  | mind. [hidden potential]
 45978 | Depths:1 | Lost mutation: You have hidden genetic potential. [hidden
                  | potential expressed]
 46026 | Depths:1 | Noticed an ancient lich
 46034 | Depths:1 | Killed an ancient lich
 46098 | Depths:1 | Identified the +0 trident of Articulation {drain, Contam
                  | rElec Dex+6 Stlth+}
 46101 | Depths:1 | Acquired 624 gold pieces
 46126 | Depths:1 | Reached skill level 21 in Axes
 46136 | Depths:1 | Identified the +11 mace of Icyukecw {freeze, Drain Str+3
                  | Stlth+}
 46137 | Depths:1 | Identified the ring "Judypn" {rPois EV+4 Int+2 Stlth+}
 46575 | Depths:2 | Found a runed translucent door.
 46624 | Depths:2 | Reached XP level 24. HP: 226/254 MP: 23/23
 46668 | Depths:2 | Found a one-way gate leading to the halls of Pandemonium.
 46685 | Depths:2 | Noticed t4s4d4r's ghost (adept DEEE)
 46727 | Depths:2 | Received a gift from Trog
 47061 | Depths:2 | Killed t4s4d4r's ghost
 47221 | Depths:3 | Noticed Saint Roka
 47223 | Depths:3 | Noticed a juggernaut
 47229 | Depths:2 | Reached skill level 10 in Throwing
 47251 | Depths:2 | Killed a juggernaut
 47283 | Depths:2 | Killed Saint Roka
 47449 | Depths:3 | Received a gift from Trog
 47483 | Depths:3 | Found a one-way gate to the infinite horrors of the Abyss.
 47660 | Depths:3 | Found a magical portal.
 47666 | WizLab   | Entered Tukima's Studio
 47716 | WizLab   | Identified the +9 longbow of Ambiguity {speed, Drain rElec
                  | rF+++ SInv}
 47725 | WizLab   | Noticed raph's illusion
 47751 | WizLab   | Noticed raph's illusion
 47764 | WizLab   | Noticed raph's illusion
 47791 | WizLab   | Noticed raph's illusion
 47866 | WizLab   | Identified the +1 pair of boots of the Valley of Death
                  | {rN+}
 47910 | WizLab   | Reached skill level 22 in Axes
 48158 | Depths:3 | Found a shadowy altar of Dithmenos.
 48312 | Depths:3 | Found a glowing golden altar of the Shining One.
 48321 | Depths:3 | Identified the +1 flail "Gowugadgh" {pain, rC+ rCorr Dex+2}
 48441 | Depths:4 | Entered Level 4 of the Depths
 48596 | Depths:4 | Paralysed by a floating eye for 4 turns
 48607 | Depths:4 | Found a gate to the Realm of Zot.
 48978 | Depths:4 | Noticed a caustic shrike
 48984 | Depths:4 | Killed a caustic shrike
 48988 | Depths:4 | Noticed a caustic shrike
 48993 | Depths:4 | Noticed a caustic shrike
 48995 | Depths:4 | Killed a caustic shrike
 49004 | Depths:4 | Killed a caustic shrike
 49019 | Depths:4 | Noticed a caustic shrike
 49025 | Depths:4 | Killed a caustic shrike
 49054 | Depths:4 | Noticed a caustic shrike
 49061 | Depths:4 | Killed a caustic shrike
 49131 | Depths:4 | Noticed Parghit
 49154 | Depths:4 | Killed Parghit
 49154 | Depths:4 | Received a gift from Trog
 49502 | Orc:2    | Bought a scroll of enchant armour for 120 gold pieces
 49502 | Orc:2    | Bought a scroll of teleportation for 48 gold pieces
 49502 | Orc:2    | Bought a scroll of teleportation for 48 gold pieces
 49503 | Orc:2    | Bought a scroll of butterflies for 64 gold pieces
 49871 | Depths:4 | Reached XP level 25. HP: 264/264 MP: 23/23
 49902 | Depths:4 | Noticed a juggernaut
 49913 | Depths:4 | Killed a juggernaut
 50318 | Vaults:5 | Entered Level 5 of the Vaults
 50353 | Vaults:5 | Reached skill level 23 in Axes
 50594 | Vaults:5 | Identified the +5 scale mail "Douwa" {*Corrode Fly Regen+
                  | Int+7}
 50619 | Vaults:5 | Received a gift from Trog
 50759 | Vaults:5 | Identified the +2 buckler "Vaxi" {rPois MP+9 Int-5 Dex+4}
 50784 | Vaults:5 | Got a silver rune of Zot
 50785 | Vaults:5 | Identified the +7 arbalest "Yblashaigg" {elec, rN+ rCorr
                  | Stlth+}
 51096 | Vaults:5 | Received a gift from Trog
 51144 | Vaults:5 | Identified the +6 spear "Habruywar" {protect, MP+9}
 51306 | Vaults:5 | Identified the +4 longbow of Aschas {venom, rCorr MP-9
                  | Int-2 Dex+7}
 51690 | Vaults:5 | Identified the +9 plate armour of Dutuada {+Inv rF+ rCorr}
 52067 | Zot:1    | Entered Level 1 of the Realm of Zot
 52160 | Zot:1    | Noticed a dread lich
 52161 | Zot:1    | Noticed a dread lich
 52162 | Zot:1    | Noticed a dread lich
 52167 | Zot:1    | Killed a dread lich
 52167 | Zot:1    | Noticed a dread lich
 52172 | Zot:1    | Noticed a dread lich
 52178 | Zot:1    | Killed a dread lich
 52179 | Zot:1    | Reached XP level 26. HP: 77/279 MP: 23/23
 52179 | Zot:1    | Noticed a dread lich
 52183 | Zot:1    | Noticed a dread lich
 52184 | Zot:1    | Killed a dread lich
 52185 | Zot:1    | Reached skill level 24 in Axes
 52189 | Zot:1    | HP: 15/418 [??? (9)]
 52191 | Zot:1    | Killed a dread lich
 52200 | Zot:1    | Killed a dread lich
 52203 | Zot:1    | Noticed a dread lich
 52207 | Zot:1    | Killed a dread lich
 52219 | Zot:1    | Killed a dread lich
 52225 | Zot:1    | Killed a dread lich
 52440 | Zot:1    | Identified the +5 scale mail of the Orb Guardian {Int+9}
 52545 | Zot:1    | Acquired a manual of Shields
 52583 | Zot:1    | Received a gift from Trog
 53681 | Zot:3    | Identified the +5 rapier of the Lair of Beasts {speed,
                  | +Blink rN+ rCorr Int+5}
 55199 | Zot:4    | Found a transporter.
 55267 | Zot:4    | Noticed an orb of fire
 55280 | Zot:4    | Killed an orb of fire
 55288 | Zot:4    | Reached skill level 25 in Axes
 55497 | Zot:4    | Received a gift from Trog
 55630 | Zot:4    | Found a transporter.
 55686 | Zot:5    | Entered Level 5 of the Realm of Zot
 55950 | Zot:5    | Reached XP level 27. HP: 292/292 MP: 23/23
 56248 | Zot:5    | Noticed an ancient lich
 56254 | Zot:5    | Noticed an orb of fire
 56258 | Zot:5    | Killed an ancient lich
 56266 | Zot:5    | Gained mutation: You occasionally lose the ability to read
                  | scrolls when taking damage. [an orb of fire]
 56271 | Zot:5    | Killed an orb of fire
 56320 | Zot:5    | Noticed an ancient lich
 56337 | Zot:5    | Killed an ancient lich
 56344 | Zot:5    | Received a gift from Trog
 56524 | Zot:5    | Got the Orb of Zot
 56570 | Zot:5    | Noticed Ecofutu the pandemonium lord
 56693 | Zot:2    | Noticed Piot the pandemonium lord
 56802 | Depths:1 | Reached skill level 26 in Axes
 57150 | D:$      | Escaped with the Orb!

Illustrated notes

Levels and vault maps discovered:
D:1:      lightli_arrival_chessboard, layout_basic
D:2:      layout_basic, shapermc_ecumenical_altar_gd
D:3:      layout_loops_ring
D:4:      cheibrodos_greedy_goblins, layout_cave_pools,
          nicolae_overflow_crystal_walls, lemuel_doored_altar,
          mainiacjoe_overflow_alcove_4,
          nicolae_uskayaw_murder_on_the_dancefloor, kennysheep_nondescript,
          corexii_corridor_pit
D:5:      layout_loops_corners, minmay_temple_entry_wispy,
          eino_small_chamber_without_monster
D:6:      layout_basic, mainiacjoe_overflow_alcove_2, kennysheep_dice,
          uniq_maggie, uniq_pikel, uniq_edmund
D:7:      minmay_the_grid_triangle_9x9_rhombus_thin
          [minmay_the_grid_triangle_9x9_stretched_checkered,
          minmay_the_grid_triangle_9x9_prize_insulated,
          minmay_the_grid_triangle_9x9_shrine,
          minmay_the_grid_triangle_9x9_empty], layout_loops_corners,
          mainiacjoe_overflow_big_doors, chequers_serial_rivers_large_b,
          minmay_misc_feat_plants, chequers_serial_rivers_large_a,
          roderic_batcave, minmay_bent
D:8:      layout_loops_ring, lemuel_mausoleum_altar_yredelemnul,
          nicolae_shop_fire_sale [nicolae_sub_dead_trees], hangedman_misty_isle
D:9:      layout_basic, general_overflow_altar, david_orc_3, kennysheep_nub
D:10:     minmay_tri_box, layout_long_grid, nicolae_ru_the_path_less_chosen,
          ebering_ghost_reflecting_pool
D:11:     layout_roguey, dpeg_oklobed_lair
D:12:     layout_roguey
D:13:     layout_basic, skrybe_vaults_entry_preservation
D:14:     minmay_curly_fans, layout_rooms, elyvilon_altar_3, serial_shops, shop,
          nicolae_shop_i_like_big_books, nicolae_diode_quadrants
D:15:     grunt_enter_depths_snipers, layout_stronghold,
          small_chamber_with_monster, chequers_guarded_unrand_ignorance
Lair:1:   layout_gridlike, special_room [special_room_bee],
          nzn_sisyphean_effort, infiniplex_staircase_pool
Lair:2:   layout_chaotic_city, minmay_shoals_entry_beasts, dummy_snake_entry,
          st_stairs_9, ldierk_geyser, hibernation_bobbens
Lair:3:   layout_regular_city, serial_bayou_shore_b, grunt_megastairs_3
Lair:4:   layout_loops_ring, minmay_slime_entry_oklob_enclosed,
          gauntlet_entry_generic
Lair:5:   hangedman_lair_in_review, layout_gridlike, serial_bayou_shore_b,
          uniq_rupert
Shoals:1: layout_shoals
Shoals:2: layout_shoals, gammafunk_ghost_necromancy
Shoals:3: layout_shoals, serial_shops, shop, uniq_polyphemus, uniq_mlioglotl,
          uniq_ilsuiw
Shoals:4: shoals_end_grunt_ice, layout_shoals, serial_shops, shop
Snake:1:  layout_onion_interference, serial_bayou_lake_a
Snake:2:  layout_rooms, serial_shops, shop, minmay_snake_pond,
          serial_bayou_shore_b
Snake:3:  layout_rooms, basic_altar, nicolae_snake_serpentine_hallways,
          grunt_megastairs_2, uniq_jorgrun, uniq_azrael
Snake:4:  johnstein_snake_rune_scales, layout_onion,
          nrook_guardian_serpent_ordinary, lemuel_fruit_tree
Orc:1:    layout_diamond_mine, nicolae_orc_lava_tube, nicolae_orc_tapped_out
Orc:2:    st_orc_ogre_mass, layout_diamond_mine, ebering_ghost_xom,
          hangedman_minor_magic
Elf:1:    eino_elf_arrival_altar, layout_loops_cross, basic_altar, serial_shops,
          nicolae_shop_window_shopping, shop, nicolae_shop_waterfront,
          hangedman_elven_crosses_minicolossus
Elf:2:    elven_hall_of_blades_hangedman_original
          [nicolae_blade_entry_crossed_weapons], layout_gridlike, serial_shops,
          nicolae_shop_advertising_works [nicolae_subvault_shop_adworks]
Elf:3:    minmay_elf_hall_circle, layout_onion_city, gammafunk_ghost_ooze,
          uniq_roxanne
Vaults:1: vaults_mumra_minichess, vaults_dpeg_cross, hangedman_vaults_maws,
          vaults_mumra_hexcomb, vaults_mumra_hex, v_pattern_4,
          dpeg_vaults_monster_row, nicolae_vaults_little_squares_6,
          ontoclasm_vaults_tryst, nicolae_vaults_meeting,
          nicolae_vaults_little_squares_5, nicolae_vaults_diagonal_hallway_6,
          nicolae_vaults_asterisk, layout_vaults_maze_bifur, serial_shops, shop
Vaults:2: minmay_crypt_entry_simple_statues, hangedman_vaults_snaps,
          v_alt_pattern_4, nicolae_vaults_network_quinsquares
          [nicolae_vaults_network_quincunx_subvault,
          nicolae_vaults_network_quincunx_subvault,
          nicolae_vaults_network_quincunx_subvault,
          nicolae_vaults_network_quincunx_subvault], grunt_vaults_focal,
          nicolae_vaults_specimen_jars, nicolae_vaults_rhombus_7,
          ontoclasm_vaults_pinch, vaults_room_corners, v_misc_19,
          vaults_room_stairs_pillars, nicolae_vaults_yaktaur_gun_rack,
          vaults_room_fours, layout_vaults_big_cross, serial_shops,
          nicolae_shop_bloodbath_and_beyond, uniq_sojobo, uniq_xtahua,
          uniq_bai_suzhen, uniq_asterion
Vaults:3: st_lines, nicolae_vaults_rhombus_6, hangedman_vaults_trim,
          hangedman_vaults_locks, v_alt_pattern_3, v_alt_pattern_1,
          nicolae_vaults_little_squares_5, vaults_room_fours,
          layout_vaults_quadrants, serial_shops,
          nicolae_shop_temple_entry_statues_fountains
Vaults:4: ontoclasm_vaults_hangar, hangedman_vaults_stream, v_pattern_1,
          nicolae_vaults_twisting_passages, v_misc_19, grunt_vaults_funnel,
          nicolae_vaults_bisected_exclaves, grunt_vaults_twisty,
          ontoclasm_vaults_gateway, grunt_vaults_hallway_short, v_alt_pattern_4,
          layout_vaults_ring, uniq_donald, uniq_frederick
Vaults:5: serial_shops
Depths:1: evilmike_wizard_prison, layout_honeycomb, enter_ziggurat_f,
          serial_shops, shop, grunt_hell_horde, chequers_big_river, kb_rosetta
Depths:2: minmay_bubble_buster, layout_cave_pools, hangedman_decor_push,
          grunt_hell_entry_dis_grunt, pan_entry, gammafunk_ghost_grave,
          minmay_staircase_windowed_large
Depths:3: abrahamwl_protected_by_tso_3, layout_cave_pools, pan_entry,
          nicolae_dithmenos_the_darkroom, hell_entry, abyss_entry,
          infiniplex_enter_wizlab_spiral, uniq_saint_roka
Depths:4: grunt_zot_entry_bicorn, layout_honeycomb, columned_hall_lemuel,
          pan_entry, pf_hell_entry_tar_river, skrybe_limestone_x, uniq_parghit
Zot:1:    hellmonk_paralyzer, layout_misc_corridors
Zot:2:    layout_gridlike
Zot:3:    layout_cathedral_of_symmetry
Zot:4:    gammafunk_its_a_trap, layout_misc_corridors
Zot:5:    layout_basic

Skill      XL: |  1  2  3  4  5  6  7  8  9 10 11 12 13 14 15 16 17 18 19 20 21 22 23 24 25 26 27 |
---------------+----------------------------------------------------------------------------------+-----
Axes           | 5 6 7 8 9 11 13 14 16 18 19 20 21 22 23 25 26 | 26.0
Fighting       | 4 5 6 8 9 10 12 13 15 16 17 18 19 20 21 22 23 25 | 25.7
Dodging        | 2 3 4 5 6 7 8 9 10 11 12 13 14 15 16 17 | 17.0
Armour         | 3 4 5 6 8 9 10 11 12 13 14 15 16 17 18 19 20 21 | 21.5
Shields        | 7 9 11 13 15 17 18 19 20 21 22 23 | 23.3
Evocations     | 3 5 7 8 9 10 11 12 13 | 13.9
Throwing       | 2 5 6 7 8 9 10 11 | 11.8

Action                   |  1- 3 |  4- 6 |  7- 9 | 10-12 | 13-15 | 16-18 | 19-21 | 22-24 | 25-27 || total
-------------------------+-------+-------+-------+-------+-------+-------+-------+-------+-------++-------
Melee: Hand axe          |   140 |    63 |       |       |       |       |       |       |       ||   203
       Punch             |     1 |       |     2 |     5 |     1 |       |       |       |       ||     9
       War axe           |       |    72 |    56 |       |       |     9 |       |       |       ||   137
       Broad axe         |       |       |    92 |   385 |   609 |  1014 |  1138 |  1149 |   747 ||  5134
       Whip              |       |       |       |    40 |    47 |     5 |     3 |       |       ||    95
       Headbutt          |       |       |       |       |       |       |    20 |   506 |   405 ||   931
Throw: Boomerang         |       |       |       |    10 |     8 |    17 |       |     8 |     9 ||    52
       Dart              |       |       |       |       |       |     2 |       |       |       ||     2
Invok: Berserk           |       |     4 |     5 |     8 |    11 |     2 |     6 |     7 |     4 ||    47
       Trog's Hand       |       |       |       |     1 |     1 |     6 |     6 |     1 |     5 ||    20
       Brothers in Arms  |       |       |       |       |     1 |     4 |     2 |     1 |     7 ||    15
Evoke: Box of beasts     |       |       |       |       |       |     1 |       |       |       ||     1
       Wand              |       |       |       |       |       |     1 |     1 |     1 |     7 ||    10
       Phial of floods   |       |       |       |       |       |       |       |       |     1 ||     1
  Use: Scroll            |       |    14 |     4 |    12 |    10 |     7 |     2 |    13 |     9 ||    71
       Potion            |       |       |       |     1 |     2 |     6 |     6 |     5 |    11 ||    31
 Stab: Petrified         |       |       |       |       |    15 |     7 |       |       |       ||    22
       Petrifying        |       |       |       |       |     1 |     6 |       |       |       ||     7
       Invisible         |       |       |       |       |       |       |       |       |     9 ||     9
       Distracted        |       |       |       |       |       |       |       |       |     2 ||     2
Armor: Animal skin       |    26 |       |       |       |       |       |       |       |       ||    26
       Chain mail        |    26 |    99 |    56 |       |       |       |       |       |       ||   181
       Swamp dragon scal |       |       |    36 |   221 |   331 |   333 |    27 |       |       ||   948
       Plate armour      |       |       |       |       |       |       |   175 |   138 |   150 ||   463
Dodge: Dodged            |    82 |    61 |    66 |   267 |   360 |   643 |   325 |   219 |   192 ||  2215
Block: Tower shield      |       |       |       |       |   622 |  1389 |  1123 |  1208 |   820 ||  5162
       Rpst.: Broad axe  |       |       |       |       |       |   358 |   381 |   348 |   271 ||  1358
       Whip              |       |       |       |       |       |       |     1 |       |       ||     1
